 Dungeon Crawl Stone Soup version 0.17.1-2-g5865329 (webtiles) character file.

3071 aurelian the Frost Mage (level 9, -6/71 HPs)
             Began as a Purple Draconian Ice Elementalist on Apr 12, 2016.
             Mangled by a wyvern (14 damage)
             ... on level 7 of the Dungeon.
             The game lasted 00:35:19 (10777 turns).

aurelian the Frost Mage (DrIE)                     Turns: 10777, Time: 00:35:19

Health: -6/71      AC:  9    Str: 11    XL:     9   Next: 58%
Magic:  5/16       EV: 14    Int: 19    God:
Gold:   338        SH:  0    Dex: 11    Spells: 5 memorised, 4 levels left

rFire  . . .     SeeInvis .     e - +2 war axe (chop)
rCold  . . .     Clarity  .     (armour unavailable)
rNeg   . . .     SustAt   +     (no shield)
rPois  .         Gourm    .     (helmet restricted)
rElec  .         Spirit   .     (no cloak)
rCorr  .         Warding  .     f - +1 pair of gloves
rMut   .         Stasis   .     (no boots)
MR     +....                    (no amulet)
Stlth  ++........               G - ring of sustain attributes
                                (no ring)

@: somewhat resistant to hostile enchantments, unstealthy
A: breathe power, unfitting armour, cold-blooded, AC +7
a: Breathe Dispelling Energy


You were on level 7 of the Dungeon.
You were not hungry.

You visited 1 branch of the dungeon, and saw 8 of its levels.
You also visited: Sewer.

You collected 338 gold pieces.

Inventory:

Hand Weapons
 a - a +0 trident of protection
 b - a +0 trident of venom
 d - a +0 club
 e - a +2 war axe of chopping (weapon)
 g - a +0 club
 n - a +0 mace
 t - a cursed +0 blowgun
Missiles
 o - 244 stones (quivered)
 u - 18 poisoned needles
Armour
 f - a +1 pair of gloves (worn)
Jewellery
 G - a ring of sustain attributes (right hand)
Wands
 m - a wand of flame (45)
 z - a wand of disintegration (6)
Scrolls
 c - 4 scrolls of identify
 h - 4 scrolls of remove curse
 A - a scroll of recharging
Potions
 l - a potion of brilliance
 p - a potion of magic {unknown}
 q - 2 potions of poison {unknown}
 s - 3 potions of flight
 v - 4 potions of heal wounds {unknown}
 w - a potion of cancellation {unknown}
 x - a potion of resistance {unknown}
 D - 2 potions of agility {unknown}
Books
 C - a book of Frost

   Spells                             Type                      Level
   a - Freeze                         Ice                          1
   b - Throw Frost                    Conjuration/Ice              2
   c - Ozocubu's Armour               Charms/Ice                   3
   d - Throw Icicle                   Conjuration/Ice              4
   e - Summon Ice Beast               Ice/Summoning                4
   f - Condensation Shield            Ice                          4
Comestibles
 k - 6 meat rations
 y - 6 bread rations


   Skills:
 - Level 4.0 Fighting
 - Level 5.0 Dodging
 - Level 3.1 Stealth
 - Level 5.0 Spellcasting
 + Level 6.5 Conjurations
 - Level 3.1 Charms
 - Level 2.1 Summonings
 - Level 8.1 Ice Magic


You had 4 spell levels left.
You knew the following spells:

 Your Spells              Type           Power        Failure   Level  Hunger
a - Freeze                Ice            ####         1%          1    None
b - Throw Frost           Conj/Ice       ####..       1%          2    #......
c - Ozocubu's Armour      Chrm/Ice       ####....     4%          3    ##.....
d - Throw Icicle          Conj/Ice       ####....     8%          4    ####...
e - Summon Ice Beast      Ice/Summ       ###.....     17%         4    ####...


Dungeon Overview and Level Annotations

Branches:
Dungeon (8/15)             Temple (0/1) D:4
   Lair: D:8-11

Altars:
Elyvilon
Kikubaaqudgha
Makhleb
Qazlal
Ru
Xom
Zin
The Shining One

Annotations:
D:3 Eucla's ghost, amateur DEEn
D:4 Eustachio


Innate Abilities, Weirdness & Mutations

You can breathe bolts of dispelling energy.
Your rich purple scales are hard (AC +7).
Your body does not fit into most forms of armour.
You are cold-blooded and may be slowed by cold attacks.


Message History

Zapping:
z - a wand of disintegration (will waste charges)
Press: ? - help, Shift-Dir - straight line, f - wyvern
Aim: a wyvern (lightly wounded, chance to defeat MR: 65%)
The wyvern struggles to resist.
Evoking this partially-identified wand wasted a few charges.
The wyvern completely misses you.
Evoke which item? (* to show all) (? for menu, Esc to quit)
Okay, then.
Casting: Freeze
Confirm with . or Enter, or press ? or * to list all spells.
A chill wind blows around you. The wyvern closely misses you.
The wyvern bites you.
* * * LOW HITPOINT WARNING * * *
Your ice beast hits the ogre.
Your ice beast freezes the ogre!
The wyvern closely misses you. The wyvern bites you!
* * * LOW HITPOINT WARNING * * *
Drink which item? (? for menu, Esc to quit)
You feel better. The wyvern bites you!
You die...

##.....## #..#####.####.....#
#...#..######.## #..........#
##.####...##...# ##.....####.#
##..# ##.......## ##....### ##.
....## ##........###....## #.
.....###..##............# ##
..........#.............########.
..................#..............
....##......####@................
...###.###..###l..........#####..
..## #.# #...#O...........####..#
.## #.###..>.Y.............#..##
######....(...##..............##
...............................##
..#.....##....()................#
.###....###....[.................
.# ##....##....(.................


You could see a wyvern, an ogre and a friendly ice beast.

Vanquished Creatures
  Prince Ribbit (D:5)
  Duvessa (D:5)
  A black bear (D:6)
  An ice beast (D:6)
  2 phantoms
  2 centaurs
  A sky beast (D:2)
  An ogre (D:4)
  2 big kobolds
  Dowan (D:5)
  3 scorpions
  3 wights (D:6)
  4 crimson imps
  A quasit (D:5)
  A giant frog zombie (D:7)
  5 hounds
  5 orc wizards
  A centaur skeleton (D:4)
  6 worker ants
  An orc priest (D:4)
  6 iguanas
  A hound zombie (D:7)
  5 gnolls
  3 river rats
  9 adders
  2 shadow imps
  An ooze (D:1)
  4 worms (D:2)
  A giant gecko (D:1)
  11 orcs
  9 hobgoblins
  15 kobolds
  A quokka (D:7)
  4 ball pythons
  4 bats
  3 giant cockroaches
  2 giant gecko skeletons
  A giant gecko zombie (D:5)
  4 giant newts
  10 goblins
  9 jackals
  A quokka skeleton (D:4)
  12 rats
161 creatures vanquished.

Vanquished Creatures (collateral kills)
  3 hungry ghosts (D:7)
  A phantom (D:6)
  An orc warrior (D:6)
  A centaur (D:7)
  2 wights
  A centaur zombie (D:6)
  A hound (D:7)
  An orc wizard (D:6)
  An adder (D:8)
12 creatures vanquished.

Grand Total: 173 creatures vanquished

Notes
Turn   | Place    | Note
--------------------------------------------------------------
     0 | D:1      | aurelian the Draconian Ice Elementalist began the quest for the Orb.
     0 | D:1      | Reached XP level 1. HP: 14/14 MP: 3/3
   473 | D:1      | Reached XP level 2. HP: 20/20 MP: 1/5
   820 | D:1      | Reached skill level 4 in Ice Magic
  1075 | D:1      | Reached XP level 3. HP: 22/26 MP: 3/6
  1319 | D:2      | Noticed an angel
  1320 | D:2      | Found a shimmering altar of Xom.
  1320 | D:2      | Found a glowing silver altar of Zin.
  1443 | D:2      | Found a glowing golden altar of the Shining One.
  1789 | D:2      | Reached XP level 4. HP: 31/33 MP: 0/7
  1900 | D:2      | Learned a level 2 spell: Throw Frost
  1904 | D:2      | Learned a level 3 spell: Ozocubu's Armour
  2024 | D:2      | Reached skill level 5 in Ice Magic
  2544 | D:3      | Noticed a sky beast
  2559 | D:2      | Killed a sky beast
  2559 | D:2      | Reached XP level 5. HP: 18/38 MP: 2/8
  3312 | D:3      | Noticed Eucla's ghost (amateur DEEn)
  3428 | D:4      | Noticed Eustachio
  3462 | D:4      | Reached skill level 6 in Ice Magic
  3766 | D:4      | Reached XP level 6. HP: 29/45 MP: 2/9
  4350 | D:4      | Reached skill level 1 in Fighting
  4703 | D:4      | Your scales start taking on a rich purple colour.
  4703 | D:4      | Reached XP level 7. HP: 51/53 MP: 10/13
  5226 | D:4      | Learned a level 4 spell: Throw Icicle
  5231 | D:4      | Learned a level 4 spell: Summon Ice Beast
  5240 | D:5      | Entered Level 5 of the Dungeon
  5567 | D:5      | Reached skill level 5 in Spellcasting
  5764 | D:5      | Found a glowing drain.
  5776 | Sewer    | Entered a sewer
  5858 | Sewer    | Reached skill level 1 in Charms
  5901 | Sewer    | Found a white marble altar of Elyvilon.
  6119 | D:5      | Noticed Prince Ribbit
  6188 | D:5      | Noticed Duvessa
  6211 | D:5      | Noticed Dowan
  6224 | D:5      | Killed Duvessa
  6498 | D:4      | Reached XP level 8. HP: 66/66 MP: 12/15
  6606 | D:5      | Killed Dowan
  6925 | D:5      | Found a burning altar of Makhleb.
  6925 | D:5      | Noticed an Executioner
  6929 | D:5      | Noticed a smoke demon
  6960 | D:5      | Found a sacrificial altar of Ru.
  6960 | D:5      | Found an ancient bone altar of Kikubaaqudgha.
  7278 | D:6      | Found a white marble altar of Elyvilon.
  7503 | D:6      | Reached skill level 7 in Ice Magic
  7660 | D:5      | Killed Prince Ribbit
  7957 | D:6      | Reached skill level 5 in Dodging
  8424 | D:6      | Reached XP level 9. HP: 71/71 MP: 7/16
  8604 | D:6      | Reached skill level 8 in Ice Magic
  8690 | D:6      | Reached skill level 1 in Summonings
  9099 | D:6      | Found a stormy altar of Qazlal.
  9522 | D:7      | Reached skill level 5 in Conjurations
 10730 | D:8      | Noticed a hill giant
 10776 | D:7      | HP: 3/71 [wyvern (11)]
 10777 | D:7      | Mangled by a wyvern

Action                   |  1- 3 |  4- 6 |  7- 9 || total
-------------------------+-------+-------+-------++-------
Melee: Club              |    16 |       |       ||    16
       Mace              |     9 |    21 |       ||    30
       Trident           |       |       |   221 ||   221
       War axe           |       |       |     7 ||     7
Throw: Stone             |    10 |    50 |    24 ||    84
 Cast: Freeze            |    69 |    91 |   156 ||   316
       Ozocubu's Armour  |       |     2 |    19 ||    21
       Throw Frost       |       |       |    16 ||    16
       Summon Ice Beast  |       |       |    19 ||    19
 Abil: Breathe Dispellin |       |       |     2 ||     2
Evoke: Wand              |       |       |     1 ||     1
  Use: Potion            |       |     1 |     4 ||     5
       Scroll            |       |       |    13 ||    13
 Stab: Sleeping          |       |       |     6 ||     6
       Distracted        |       |       |     2 ||     2
  Eat: Chunk             |     4 |    10 |    14 ||    28
       Bread ration      |       |       |     1 ||     1
       Fruit             |       |       |     8 ||     8
       Meat ration       |       |       |     1 ||     1
       Beef jerky        |       |       |     1 ||     1
